Map: Cerulean Fall LE

Players

IIIIIIIIIIII

  • Race: Protoss Protoss
  • League: Master
  • Spawn Location: 1:00

IIIIIIIIIII - Winner!

  • Race: Zerg Zerg
  • Spawn Location: 7:00

VOD

Have the link to the VOD?

Description

Time

  • Played on: Dec. 26, 2018, 9:52 a.m.
  • Length: 8:59
Show
View Real Time Build Order
Export as new Build Order

IIIIIIIIIIII Protoss 

Build Orders: 1 Gate Expand, Archon Immortal, Archon Drop 

Get SALT Encoding   

  12  0:01  Probe  
  13  0:13  Probe  
  14  0:20  Pylon  
  14  0:25  Probe  
  15  0:34  Probe  
  15  0:40  Gateway  
  16  0:43  Probe  
  16  0:48  Assimilator  
  17  0:53  Probe  
  18  1:05  Probe  
  19  1:17  Probe  
  20  1:24  Nexus  
  20  1:33  Cybernetics Core  
  20  1:36  Probe  
  21  1:42  Assimilator  
  21  1:48  Probe  
  21  1:52  Pylon  
  22  2:00  Probe, Stalker  
  23  2:11  Warp Gate  
  23  2:12  Probe  
  26  2:24  Probe  
  26  2:26  Robotics Facility  
  27  2:33  Probe x2  
  29  2:41  Sentry, Probe x2  
  31  2:51  Probe x2  
  35  3:03  Probe x2  
  35  3:04  Warp Prism  
  37  3:07  Sentry  
  39  3:15  Probe x2  
  43  3:20  Pylon  
  43  3:27  Probe x2  
  43  3:31  Pylon  
  45  3:37  Probe  
  45  3:39  Probe  
  45  3:40  Observer  
  48  3:43  Forge, Twilight Council  
  48  3:46  Probe, Assimilator  
  48  3:49  Assimilator  
  48  3:52  Probe  
  48  3:54  Probe  
  50  4:02  Protoss Ground Weapons Level 1  
  51  4:04  Probe  
  51  4:05  Probe, Immortal  
  57  4:11  Pylon  
  57  4:14  Stalker  
  57  4:15  Charge  
  60  4:17  Probe  
  60  4:26  Gateway  
  60  4:32  Gateway  
  60  4:44  Pylon  
  60  4:46  Immortal  
  64  4:56  Gateway  
  64  4:58  Gateway  
  64  4:59  Gateway  
  64  5:02  Templar Archives  
  64  5:09  Pylon  
  64  5:15  Adept  
  64  5:18  Immortal  
  64  5:21  Pylon  
  70  5:34  Nexus  
  70  5:45  Zealot  
  70  5:49  Protoss Ground Weapons Level 2  
  72  5:50  High Templar x2  
  72  5:51  Zealot  
  72  5:52  Zealot  
  72  5:53  Zealot  
  72  5:54  Archon  
  82  6:03  Pylon  
  82  6:05  Pylon  
  82  6:15  Zealot x3  
  82  6:16  Zealot  
  90  6:23  High Templar x2  
  94  6:26  Immortal  
  94  6:28  Archon  
  94  6:31  Probe x2  
  100  6:35  Zealot  
  102  6:40  Zealot  
  102  6:41  Zealot  
  102  6:43  Probe x2  
  98  6:50  Probe  
  95  6:55  Probe x2  
  82  7:02  Zealot x5  
  82  7:07  Probe x2  
  82  7:08  Warp Prism  
  88  7:15  Probe  
  81  7:18  High Templar x3  
  81  7:19  Probe  
  84  7:25  Probe  
  84  7:27  Probe  
  82  7:31  Probe  
  82  7:32  High Templar  
  82  7:33  Archon  
  82  7:34  Sentry, Immortal, Zealot  
  82  7:37  Archon  
  89  7:41  Probe x2  
  89  7:43  Probe  
  96  7:49  Pylon  
  96  7:55  Probe  
  96  7:56  Probe x2  
  96  7:57  Assimilator  
  96  7:58  Assimilator  
  99  8:05  Immortal  
  99  8:06  High Templar x2  
  99  8:07  Zealot x4  
  99  8:10  Archon  
  111  8:15  Pylon  
  113  8:28  Zealot x4  
  101  8:42  Zealot x2  
  74  8:49  Zealot x4  
Show
View Real Time Build Order
Export as new Build Order

IIIIIIIIIII Zerg - Winner!

Build Orders: Hatch First 

Get SALT Encoding   

  12  0:01  Drone  
  13  0:13  Overlord  
  13  0:18  Drone  
  14  0:31  Drone x2  
  16  0:49  Hatchery  
  15  0:52  Drone  
  15  0:56  Drone  
  17  0:59  Drone  
  18  1:09  Extractor  
  17  1:14  Spawning Pool  
  17  1:17  Drone  
  17  1:22  Drone  
  18  1:29  Drone  
  19  1:40  Drone  
  20  1:50  Overlord  
  20  2:01  Queen x2  
  20  2:02  Zergling x4  
  26  2:10  Metabolic Boost  
  26  2:11  Drone  
  26  2:13  Drone  
  28  2:26  Drone x2  
  30  2:36  Hatchery  
  29  2:38  Drone  
  30  2:45  Drone  
  30  2:49  Queen  
  33  2:54  Overlord  
  33  2:56  Drone  
  34  3:02  Drone  
  35  3:05  Drone  
  35  3:14  Drone x3  
  35  3:16  Drone  
  35  3:17  Drone x2  
  35  3:19  Overlord  
  41  3:21  Drone  
  41  3:25  Queen  
  44  3:37  Drone x4  
  48  3:42  Lair  
  48  3:45  Drone x2  
  48  3:48  Drone  
  51  3:50  Drone  
  51  3:51  Roach Warren  
  51  3:53  Drone  
  52  3:57  Drone  
  52  4:00  Overlord  
  52  4:01  Overlord  
  53  4:05  Extractor  
  53  4:06  Extractor  
  51  4:16  Overlord  
  51  4:18  Zergling x14  
  51  4:23  Drone  
  59  4:35  Drone x3  
  59  4:36  Drone x5  
  67  4:39  Overlord  
  67  4:43  Overlord  
  67  4:52  Glial Reconstitution  
  67  4:55  Overlord  
  67  4:57  Evolution Chamber  
  66  5:03  Drone x8  
  66  5:06  Drone x5  
  79  5:09  Extractor  
  79  5:10  Extractor  
  77  5:18  Roach x3  
  83  5:24  Zerg Missile Weapons Level 1  
  83  5:25  Roach x3  
  88  5:28  Overlord  
  88  5:31  Overlord  
  88  5:33  Overlord  
  88  5:34  Roach  
  90  5:37  Overlord  
  90  5:39  Overlord  
  89  5:43  Overlord  
  89  5:45  Overlord  
  89  5:48  Ravager x2  
  89  5:49  Roach x3, Zergling x2  
  98  5:52  Baneling Nest  
  98  5:53  Drone x2  
  98  5:55  Hatchery  
  98  5:56  Roach  
  100  6:02  Roach x4  
  108  6:07  Roach x2  
  111  6:13  Roach x4  
  111  6:15  Ravager  
  111  6:17  Roach x2  
  124  6:19  Ravager  
  124  6:21  Roach x2  
  124  6:25  Roach x2  
  133  6:31  Roach x4  
  140  6:34  Zergling x4  
  141  6:40  Overlord  
  131  6:49  Roach x4  
  131  6:53  Zergling x6  
  127  6:58  Roach x6  
  131  7:02  Centrifical Hooks  
  131  7:06  Roach x3  
  131  7:08  Zergling x2  
  111  7:17  Roach x3  
  111  7:21  Roach  
  116  7:24  Queen  
  116  7:26  Roach  
  116  7:27  Roach  
  121  7:32  Roach x2, Zergling x2  
  121  7:33  Zergling x16  
  134  7:37  Baneling  
  134  7:38  Baneling x3  
  134  7:39  Zergling x2  
  134  7:42  Roach x2  
  139  7:47  Roach x2  
  143  7:52  Overlord  
  143  7:53  Overlord x2  
  143  7:57  Roach  
  145  8:02  Baneling x7  
  145  8:05  Zergling x14  
  152  8:07  Overlord  
  152  8:15  Ravager  
  152  8:18  Baneling x6  
  153  8:20  Zergling x12  
  153  8:21  Zergling x2  
  153  8:26  Zergling x4  
  160  8:31  Roach x5, Zergling x2  
  163  8:37  Roach x3  
  152  8:42  Zergling x2  
Tags
 
Add a new tag
Caveats
  • Supply blocks, unpowered buildings, or Contaminate may cause inaccurate times.
  • Supply counts are checked every 10 seconds.